 Dungeon Sprint DCSS version 0.30-a0-51-g784eafce7f (webtiles) character file.

Game seed: 12624793294456558763

2093 Ankalagon the Covert (level 8, -2/67 HPs)
             Began as a Demigod Wanderer on Sept 5, 2022.
             Slain by a water moccasin (7 damage)
             ... in the Dungeon (Sprint II: "The Violet Keep of Menkaure").
             The game lasted 00:02:30 (284 turns).

Ankalagon the Covert (Demigod Wanderer)              Turns: 284, Time: 00:02:31

Health: -2/67      AC:  1    Str: 11    XL:     8   Next: 79%
Magic:  10/10      EV: 15    Int: 11    God:
Gold:   972        SH:  6    Dex: 24    Spells: 7/7 levels left

rFire   . . .      SeeInvis .    a - +2 short sword
rCold   . . .      Faith    .    c - +0 buckler
rNeg    . . .      Spirit   .    e - +0 robe
rPois   .          Reflect  .    (no helmet)
rElec   .          Harm     .    (no cloak)
rCorr   .          Rampage  .    (no gloves)
Will    .....      NoTele   +    (no boots)
Stlth   ++++++....               (no amulet)
HPRegen 0.00/turn                (no ring)
MPRegen 0.12/turn                (no ring)

@: inhibited regen
A: high MP 1, forlorn, divine attributes, clumsy 1, deformed body, inhibited
regeneration
a: no special abilities


You were in the Dungeon.
You visited 1 branch You collected 972 gold pieces.

Inventory:

Hand Weapons
 a - a +2 short sword (weapon)
Armour
 c - a +0 buckler (worn)
 e - a +0 robe (worn)
Potions
 b - a potion of attraction
 i - 2 potions of magic


   Skills:
 + Level 4.6 Fighting
 - Level 12.4 Short Blades
 - Level 1.0 Throwing
 + Level 4.5 Dodging
 + Level 13.5 Stealth
 - Level 5.0 Shields


You had 7 spell levels left.
You didn't know any spells.
Your spell library was empty.

Dungeon Overview and Level Annotations

Branches:
Dungeon (1/1)

Shops:
D =:[!*[?(![:((=[

Annotations:
D exclusion: oklob plant


Innate Abilities, Weirdness & Mutations

You have an increased reservoir of magic. (+10% MP)
You shall have no god before yourself.
Your divine heritage dramatically boosts your attributes as you level up.
You are clumsy. (Dex -2)
Armour fits poorly on your strangely shaped body.
You do not regenerate when monsters are visible.


Message History

* * * LOW HITPOINT WARNING * * *
Okay, then.
Unknown command.
There is an entrance to Vagiu's Book Shop here.
Blink to where?
Press: ? - help, Dir - move target Splash!
You fall into the shallow water.
Moving in this stuff is going to be slow.
As you read the scroll of blinking, it crumbles to dust.
It's broken and can't be closed.
You open the door. The water moccasin barely misses you.
The water moccasin closely misses you.
There is an open door here.
Okay, then.
You puncture the water moccasin!
The water moccasin is moderately wounded.
You puncture the water moccasin!
The water moccasin is heavily wounded.
The water moccasin bites you.
* * * LOW HITPOINT WARNING * * *
You miss the water moccasin.
The water moccasin is heavily wounded.
The water moccasin bites you!
* * * LOW HITPOINT WARNING * * *
You hit the water moccasin.
The water moccasin is severely wounded.
The water moccasin misses you.
You feel better. The water moccasin barely misses you.
You miss the water moccasin.
The water moccasin is severely wounded.
The water moccasin misses you.
You hit the water moccasin but do no damage.
The water moccasin is severely wounded.
The water moccasin bites you.
* * * LOW HITPOINT WARNING * * *
You hit the water moccasin.
The water moccasin is severely wounded.
The water moccasin bites you!
You die...

############~~#++
###########~~~...
##∩.∩.....#~~~~.##+##
##.∩.∩....#~~~~##...##
##..∩.∩...#~~~~#..#..#
##.....∩..#~~####†#†####
##....∩.⌠.#~##.###†###.#
##...∩.∩..#~#...##.##..#
##..∩.∩...'S@##.'.<.'.#
##.∩.∩....#~#.####.##.#
#▓▓▓▓▓▓▓###~##†###'###.#
##[FY######~~####.#.# ##
#$$F#h ##~~~#..#†.#
#∩P$+$ +#~##.#.## #)$.
$# ~~##+## #!.? ## ~~
##+# #§§ ++


You could see a water moccasin.

Vanquished Creatures
  2 boulder beetles (D)
  4 neqoxecs (D)
  Menkaure (D)
  4 necrophages (D)
  3 worms (D)
14 creatures vanquished.

Notes
Turn   | Place    | Note
-------+----------+-------------------------------------------
     0 | D        | Ankalagon the Demigod Wanderer began the quest for the Orb.
     0 | D        | Ankalagon set off with the following items: a +2 short
                  | sword, a potion of attraction, a +0 buckler, a potion of
                  | might, a +0 robe, a potion of curing, a potion of heal
                  | wounds, a potion of haste, 2 potions of magic, a potion of
                  | berserk rage, a scroll of blinking.
     0 | D        | Reached XP level 1. HP: 16/16 MP: 3/3
     3 | D        | Noticed a necrophage
     3 | D        | Noticed a necrophage
     3 | D        | Noticed a necrophage
     3 | D        | Noticed a necrophage
    10 | D        | Killed a necrophage
    11 | D        | Reached skill level 5 in Short Blades
    11 | D        | Reached skill level 4 in Stealth
    11 | D        | Reached XP level 2. HP: 23/23 MP: 4/4
    11 | D        | Reached XP level 3. HP: 28/28 MP: 5/5
    14 | D        | Killed a necrophage
    15 | D        | Reached skill level 5 in Stealth
    15 | D        | Reached skill level 5 in Shields
    15 | D        | Reached XP level 4. HP: 35/35 MP: 6/6
    20 | D        | Killed a necrophage
    21 | D        | Reached skill level 6 in Stealth
    21 | D        | Reached XP level 5. HP: 36/40 MP: 7/7
    26 | D        | Reached skill level 7 in Stealth
   141 | D        | Noticed a neqoxec
   141 | D        | Noticed a neqoxec
   141 | D        | Noticed a neqoxec
   141 | D        | Noticed a neqoxec
   153 | D        | Killed a neqoxec
   154 | D        | Reached skill level 9 in Stealth
   154 | D        | Reached XP level 6. HP: 42/47 MP: 8/8
   154 | D        | Gained mutation: You are clumsy. (Dex -2) [a neqoxec]
   156 | D        | Gained mutation: Armour fits poorly on your strangely
                  | shaped body. [a neqoxec]
   160 | D        | Gained mutation: You do not regenerate when monsters are
                  | visible. [a neqoxec]
   174 | D        | Killed a neqoxec
   175 | D        | Reached skill level 10 in Short Blades
   184 | D        | Killed a neqoxec
   185 | D        | Reached skill level 10 in Stealth
   185 | D        | Reached XP level 7. HP: 43/52 MP: 9/9
   187 | D        | Killed a neqoxec
   188 | D        | Reached skill level 11 in Stealth
   194 | D        | Noticed a boulder beetle
   194 | D        | Noticed a boulder beetle
   197 | D        | Killed a boulder beetle
   198 | D        | Reached skill level 12 in Stealth
   198 | D        | Reached XP level 8. HP: 50/59 MP: 10/10
   200 | D        | Killed a boulder beetle
   201 | D        | Reached skill level 13 in Stealth
   230 | D        | Found Vaipp's Antique Armour Shop.
   230 | D        | Found Xuffuum's Antique Armour Shop.
   230 | D        | Found Nonohais's Distillery.
   230 | D        | Found Ichuot's Antique Weapon Boutique.
   230 | D        | Found Inidys's Jewellery Boutique.
   230 | D        | Found Vagiu's Book Shop.
   230 | D        | Found Nup Tufi's Antique Weapon Boutique.
   236 | D        | Found Puashibb's Antique Weapon Shop.
   236 | D        | Found Ysejyoh's Magic Scroll Boutique.
   236 | D        | Found Kiwk's Antique Armour Boutique.
   238 | D        | Found Faxzatwo's Assorted Antiques.
   239 | D        | Found Sigibb's Distillery.
   239 | D        | Found Jaoruiz's Antique Armour Shop.
   239 | D        | Noticed Menkaure
   239 | D        | Noticed a death yak
   239 | D        | Noticed an oklob plant
   240 | D        | Found Wosel's Book Shoppe.
   240 | D        | Found Ginaif's Jewellery Boutique.
   241 | D        | Noticed a cane toad
   242 | D        | Noticed a cane toad
   245 | D        | Noticed a polar bear
   266 | D        | Killed Menkaure
   279 | D        | HP: 2/67 [water moccasin (8)]
   284 | D        | Slain by a water moccasin

Illustrated notes

Levels and vault maps discovered:
D:        the_violet_keep_of_menkaure [sprint2_stairs_cluster_1,
          sprint2_shoproom, sprint2_temple, sprint2_basic_supplies,
          sprint2_obstacle_1, sprint2_obstacle_3, sprint2_obstacle_7,
          sprint2_obstacle_4, sprint2_obstacle_2, sprint2_timed_cluster_1,
          sprint2_smallroom_cluster_1, sprint2_smallroom_final_cluster_1,
          sprint2_transparent_cluster_1, sprint2_second_timed_cluster_1,
          sprint2_sniper_area_1, sprint2_heavy_combat_area_1,
          sprint2_mutation_trap_area_1, sprint2_forest_area_1,
          sprint2_light_combat_area_1, sprint2_behind_water_1,
          sprint2_near_end_vault_1]

Skill      XL: |  1  2  3  4  5  6  7  8 |
---------------+-------------------------+-----
Short Blades   | 5 6 7 9 10 12 | 12.4
Stealth        | 4 5 6 9 10 12 13 | 13.5
Shields        | 4 5 |  5.0
Fighting       | 4 |  4.6
Dodging        | 4 |  4.5
Throwing       | |  1.0

Action                   |  1- 3 |  4- 6 |  7- 9 || total
-------------------------+-------+-------+-------++-------
Melee: Short sword       |     8 |    47 |    30 ||    85
  Use: Potion            |     1 |     3 |     1 ||     5
       Scroll            |       |       |     1 ||     1
 Stab: Sleeping          |       |       |     5 ||     5
Armor: Robe              |     1 |       |       ||     1
Dodge: Dodged            |     2 |    10 |     9 ||    21
Block: Buckler           |     4 |     4 |     1 ||     9

Table legend: (Time is in decaauts)
 A = Elapsed time spent in this place.
 B = Non-inter-level travel time spent in this place.
 C = Inter-level travel time spent in this place.
 D = Time resting spent in this place.
 E = Time spent auto-exploring this place.
 F = Levels seen in this place.
 G = Mean time per level.
                   A        B        C        D        E       F      G
               +--------+--------+--------+--------+--------+-----+--------+
         Total |    239 |    239 |      0 |    107 |      0 |   1 |  239.0 |
       Dungeon |    239 |    239 |      0 |    107 |      0 |   1 |  239.0 |
               +--------+--------+--------+--------+--------+-----+--------+

Top non-repeatable levels by time:
       D: 239 daAuts
